 Dungeon Crawl Stone Soup version 0.27-a0-978-g2aa4ecdaef (webtiles) character file.

Game seed: 15825351727546752811

67 tardwrangler69 the Digger (level 4, -1/33 HPs)
             Began as a Draconian Earth Elementalist on Apr 14, 2021.
             Shot with a stone by a goblin (2 damage)
             ... led by Robin
             ... on level 3 of the Dungeon.
             The game lasted 00:02:34 (2869 turns).

tardwrangler69 the Digger (DrEE)                    Turns: 2869, Time: 00:02:35

Health: -1/33      AC:  5    Str: 10    XL:     4   Next: 0%
Magic:  8/8        EV: 12    Int: 16    God:
Gold:   113        SH:  0    Dex: 12    Spells: 7/8 levels left

rFire    . . .     SeeInvis +   h - +0 trident
rCold    . . .     Faith    .   (no shield)
rNeg     . . .     Spirit   .   (armour unavailable)
rPois    .         Reflect  .   (helmet restricted)
rElec    .         Harm     .   (no cloak)
rCorr    .         Rampage  .   (no gloves)
Will     .....                  (no boots)
Stlth    ++........             (no amulet)
HPRegen  0.11/turn              f - ring of see invisible
MPRegen  0.11/turn              (no ring)

@: brilliant
A: AC +5, unfitting armour, cold-blooded
a: no special abilities


You were on level 3 of the Dungeon.
You visited 1 branch of the dungeon, and saw 3 of its levels.

You collected 113 gold pieces.

Inventory:

Hand Weapons
 h - a +0 trident (weapon)
Missiles
 b - 32 stones
 o - 6 silver javelins
Jewellery
 f - a ring of see invisible (left hand)
 n - an amulet of guardian spirit
Scrolls
 d - a scroll of identify {unknown}
 i - a scroll of teleportation {unknown}
 j - a scroll of enchant armour {unknown}
 k - a scroll of magic mapping {unknown}
 l - a scroll of vulnerability {unknown}
Potions
 a - a potion of brilliance
 e - a potion of haste {unknown}
 g - a potion of ambrosia {unknown}
 m - a potion of curing {unknown}


   Skills:
 - Level 1.7 Dodging
 - Level 1.7 Stealth
 + Level 2.7 Spellcasting
 - Level 1.0 Transmutations
 * Level 4.4 Earth Magic


You had 7 spell levels left.
You knew the following spells:

 Your Spells              Type           Power      Damage    Failure   Level
a - Sandblast             Erth           48%        2d12      3%          1

Your spell library contained the following spells:

 Spells                   Type           Power      Damage    Failure   Level
 Passwall                 Tmut/Erth      13%        N/A       10%         2
 Animate Skeleton         Necr           6%         N/A       19%         1
 Apportation              Tloc           6%         N/A       19%         1
 Corona                   Hex            3%         N/A       19%         1
 Summon Small Mammal      Summ           12%        N/A       19%         1
 Stone Arrow              Conj/Erth      26%        3d8       24%         3
 Petrify                  Tmut/Erth      16%        N/A       54%         4
 Lee's Rapid Deconstruct  Erth           12%        3d9*      65%         5


Dungeon Overview and Level Annotations

Branches:
Dungeon (3/15)

Altars:


Innate Abilities, Weirdness & Mutations

Your plain brown scales are hard. (AC +5)
You cannot fit into any form of body armour.
You are cold-blooded and may be slowed by cold attacks.


Message History

Robin closely misses you.
You hit Robin.
Robin is almost dead.
The hobgoblin no longer looks unusually strong.
The goblin no longer looks unusually strong.
The goblin misses you.
Robin roars a battlecry!
The goblins go into a battle-frenzy!
The goblin closely misses you.
You barely miss Robin.
Robin is almost dead.
The hobgoblin no longer looks unusually strong.
Robin barely misses you. The goblin hits you with a +0 dagger.
* * * LOW HITPOINT WARNING * * *
Casting: Sandblast (safe; 3% risk of failure)
Confirm with . or Enter, or press ? or * to list all spells.
Aiming: Sandblast (safe; 3% risk of failure)
Press: ? - help, Shift-Dir - straight line, f/p - Robin
Aim: Robin, wielding a +1 falchion of electrocution, wearing a +0 animal skin and wearing a +0 helmet (almost dead, 15% to evade)
The blast of sand hits Robin.
You kill Robin!
The goblin completely misses you.
You have reached level 4!
You feel agile. The goblin hits you with a +0 dagger.
* * * LOW HITPOINT WARNING * * *
The goblin unwields a +0 dagger.
The goblin wields a +0 hunting sling.
The goblin shoots a stone.
The stone barely misses you.
The goblin shoots a stone.
The stone closely misses you.
The goblin shoots a stone.
The stone hits you but does no damage.
The goblin shoots a stone.
The stone hits you.
* * * LOW HITPOINT WARNING * * *
The goblin shoots a stone.
The stone hits you but does no damage.
The goblin shoots a stone.
The stone hits you.
* * * LOW HITPOINT WARNING * * *
It was a potion of brilliance.
You feel clever all of a sudden.
It was a potion of magic.
Magic courses through your body.
The goblin shoots a stone.
The stone hits you.
You die...

#..# ... #g## ##
#g# #.# #.## #..#
##.# ..# #.# ..# #
#@# ... # #.# #.#
## #.# #.# ### .#
#.#####.###.#### .
#.##.##.##.....###
#.#...#...........
#......###..#.####
#.................
##.....######.####


You could see a hobgoblin and a goblin.

Vanquished Creatures
  Robin (D:3)
  4 endoplasms
  4 giant cockroaches
  6 goblins
  9 hobgoblins
  5 jackals (D:1)
  3 quokkas
  6 ball pythons
  4 bats
  A frilled lizard (D:3)
  6 kobolds
  A rat (D:1)
50 creatures vanquished.

Notes
Turn   | Place    | Note
-------+----------+-------------------------------------------
     0 | D:1      | tardwrangler69 the Draconian Earth Elementalist began the
                  | quest for the Orb.
     0 | D:1      | Reached XP level 1. HP: 14/14 MP: 3/3
   623 | D:1      | Reached XP level 2. HP: 11/20 MP: 5/5
  1400 | D:1      | Reached XP level 3. HP: 20/26 MP: 6/6
  1749 | D:1      | Reached skill level 4 in Earth Magic
  2835 | D:3      | Noticed Robin
  2855 | D:3      | Killed Robin
  2856 | D:3      | Reached XP level 4. HP: 8/33 MP: 0/8
  2866 | D:3      | HP: 1/33 [goblin/stone[Robin] (1)]
  2869 | D:3      | Shot with a stone by a goblin

Illustrated notes

Levels and vault maps discovered:
D:1:      dpeg_arrival_tiny_d, layout_basic, minmay_tromino_mix6
D:2:      layout_loops_cross
D:3:      layout_loops_cross, shapermc_ecumenical_altar_gd,
          guppyfry_early_orc_mine, uniq_robin

Skill      XL: |  1  2  3 |
---------------+----------+-----
Earth Magic    | 4 |  4.4
Dodging        | |  1.7
Stealth        | |  1.7
Spellcasting   | |  2.7
Transmutations | |  1.0

Action                   |  1- 3 |  4- 6 || total
-------------------------+-------+-------++-------
Melee: Unarmed           |   111 |       ||   111
       Tailslap          |    16 |       ||    16
       Trident           |    72 |       ||    72
 Cast: Sandblast         |    24 |       ||    24
  Use: Potion            |       |     2 ||     2
 Stab: Sleeping          |     6 |       ||     6
Armor: Skin              |    68 |     2 ||    70
Dodge: Dodged            |   148 |     2 ||   150

Table legend: (Time is in decaauts)
 A = Elapsed time spent in this place.
 B = Non-inter-level travel time spent in this place.
 C = Inter-level travel time spent in this place.
 D = Time resting spent in this place.
 E = Time spent auto-exploring this place.
 F = Levels seen in this place.
 G = Mean time per level.
                   A        B        C        D        E       F      G
               +--------+--------+--------+--------+--------+-----+--------+
         Total |   2899 |   2796 |    103 |      0 |   2417 |   3 |  966.3 |
       Dungeon |   2899 |   2796 |    103 |      0 |   2417 |   3 |  966.3 |
               +--------+--------+--------+--------+--------+-----+--------+

Top non-repeatable levels by time:
     D:1: 1887 daAuts
     D:2: 903 daAuts
     D:3: 109 daAuts
